 Dungeon Crawl Stone Soup version 0.28.0-53-g5a82cb258f (webtiles) character file.

Game seed: 7224108740336657272

28994 H0rd4k the Spear-Bearer (level 13, -1/98 HPs)
             Began as a Human Artificer on July 13, 2022.
             Was an Initiate of Gozag.
             Killed by divine providence
             ... invoked by a meliai
              (12 damage)
             ... on level 4 of the Lair of Beasts.
             The game lasted 00:38:06 (22592 turns).

H0rd4k the Spear-Bearer (Human Artificer)          Turns: 22592, Time: 00:38:06

Health: -1/98      AC:  8    Str: 10    XL:     13   Next: 77%
Magic:  17/17      EV: 16    Int: 23    God:    Gozag
Gold:   1029       SH:  0    Dex: 17    Spells: 30/31 levels left

rFire   . . .      SeeInvis .   c - +6 spear of Qoipsymukk {distort, rCorr MP-9 Dex+3}
rCold   + . .      Faith    .   (no shield)
rNeg    + + +      Spirit   .   T - +2 robe of Lust {Rampage Drain rN+++ Str-2}
rPois   .          Reflect  .   j - +2 helmet
rElec   .          Harm     .   o - scarf {repulsion}
rCorr   +          Rampage  +   (no gloves)
Will    .....                   U - +0 pair of boots of the Tomato {Fly}
Stlth   ++++......              (no amulet)
HPRegen 0.26/turn               m - ring of protection from cold
MPRegen 0.15/turn               G - +6 ring of intelligence

@: about to teleport, flying, repel missiles
A: no striking features
a: Renounce Religion, Potion Petition, Call Merchant, Bribe Branch


You were on level 4 of the Lair of Beasts.
You worshipped Gozag.
Gozag was most pleased with you.
You visited 3 branches of the dungeon, and saw 18 of its levels.
You also visited: Ice Cave.

You collected 2216 gold pieces.
You spent 456 gold pieces at shops.
You paid 731 gold pieces to Gozag.

Inventory:

Hand Weapons
 c - the +6 spear of Qoipsymukk (weapon) {distort, rCorr MP-9 Dex+3}
   (You found it on level 6 of the Dungeon)

   It warps and distorts space around it, and may blink, banish, or inflict
   extra damage upon those it strikes.
   Unwielding it can cause banishment or high damage.
   Dex:       It affects your dexterity (+3).
   MP:        It affects your magic capacity (-9).
   rCorr:     It protects you from acid and corrosion.
 l - a +1 dagger of flaming
 E - a +3 falchion
 I - a +2 dagger of draining
Missiles
 A - a throwing net
Armour
 j - a +2 helmet (worn)
 o - a scarf of repulsion (worn)
 T - the +2 robe of Lust (worn) {Rampage Drain rN+++ Str-2}
   (You bought it in a shop on level 10 of the Dungeon)

   Str:       It affects your strength (-2).
   rN:        It renders you almost immune to negative energy.
   Drain:     It drains your maximum health when unequipped.
   Rampage:   It bestows one free step when moving towards enemies.
 U - the +0 pair of boots of the Tomato (worn) {Fly}
   (You bought it in a shop on level 10 of the Dungeon)

   Fly:       It grants you flight.
Magical Staves
 K - a staff of death
 S - a staff of poison
Jewellery
 b - a ring of protection from cold
 f - a ring of poison resistance
 m - a ring of protection from cold (left hand)
 r - a ring of positive energy
 G - a +6 ring of intelligence (right hand)
 H - a ring of see invisible
 R - a ring of willpower
Wands
 a - a wand of iceblast (5)
 x - a wand of polymorph (4)
 z - a wand of digging (4)
 J - a wand of acid (3)
 Q - a wand of flame (9)
Scrolls
 h - a scroll of magic mapping
 k - 4 scrolls of immolation
 u - a scroll of fog
 w - 2 scrolls of teleportation
 y - 4 scrolls of enchant armour
 D - 2 scrolls of brand weapon
 L - 3 scrolls of enchant weapon
 M - a scroll of summoning {unknown}
 O - a scroll of amnesia {unknown}
 P - a scroll of silence {unknown}
Potions
 g - a potion of haste
 p - a potion of ambrosia
 q - a potion of attraction
 s - 2 potions of resistance
 t - a potion of brilliance {unknown}
 B - 2 potions of flight
Miscellaneous
 d - a phantom mirror
 e - a piece from Xom's chessboard (15/15)


   Skills:
 - Level 7.9 Fighting
 + Level 6.7 Short Blades
 + Level 1.4 Maces & Flails
 - Level 10.5 Polearms
 + Level 2.1 Armour
 - Level 7.3 Dodging
 + Level 7.2 Stealth
 * Level 9.7 Spellcasting
 * Level 7.2 Hexes
 + Level 6.4 Evocations


You had 30 spell levels left.
You knew the following spells:

 Your Spells              Type           Power      Damage    Failure   Level
a - Slow                  Hex            100%       N/A       1%          1

Your spell library contained the following spells:

 Spells                   Type           Power      Damage    Failure   Level
 Confusing Touch          Hex            44%        N/A       1%          3
 Magic Dart               Conj           44%        1d5       6%          1
 Searing Ray              Conj           22%        2d5       9%          2
 Fulminant Prism          Conj/Hex       13%        3d9       13%         4
 Frozen Ramparts          Ice            22%        1d4       17%         3
 Vampiric Draining        Necr           11%        2d6       17%         3
 Ice Form                 Ice/Tmut       11%        N/A       50%         4
 Summon Ice Beast         Ice/Summ       11%        N/A       50%         4


Dungeon Overview and Level Annotations

Branches:
Dungeon (11/15)            Temple (1/1) D:7            Lair (6/6) D:10
 Shoals (0/4) Lair:3        Slime (0/5) Lair:6        IceCv (visited)
  Snake: Lair:2-4    Spider: Lair:2-4       Orc: D:9-12

Altars:
Ashenzari
Cheibriados
Dithmenos
Elyvilon
Gozag
Makhleb
Nemelex Xobeh
Qazlal
Ru
Sif Muna
Trog
Uskayaw
Wu Jian
Xom
Zin
Jiyva

Shops:
D:6 =:(   D:10 [   D:11 [

Annotations:
D:4 exclusions: 2 downstairs and upstairs
D:9 exclusion: upstairs, Erolcha
Lair:1 Harold
Lair:2 exclusion: wolf spider
Lair:6 Sonja
Abyss:1 Duvessa, Pikel


Message History

The seven-headed hydra closely misses you.
The seven-headed hydra misses you.
The seven-headed hydra barely misses you.
The seven-headed hydra misses you. x2
You fly upwards.
The yak bellows! x3
Found a great sword.
There is a stone staircase leading down here.
Found a scroll of magic mapping.
A cane toad comes into view.
The cane toad croaks.
A black mamba comes into view.
Found a stone staircase leading down.
The black mamba moves out of view.
There is a stone staircase leading down here.
Found an escape hatch in the ceiling.
There is an escape hatch in the ceiling here.
The cane toad stings you.
* * * LOW HITPOINT WARNING * * *
The seven-headed hydra bites you.
* * * LOW HITPOINT WARNING * * *
The seven-headed hydra bites you.
* * * LOW HITPOINT WARNING * * *
The seven-headed hydra barely misses you.
The seven-headed hydra bites you!
* * * LOW HITPOINT WARNING * * *
The seven-headed hydra closely misses you.
The seven-headed hydra bites you but does no damage.
The seven-headed hydra misses you. A mysterious force pulls you upwards.
The hatch slams shut behind you.
The meliai buzzes angrily.
Found a hand axe and a runed leather armour.
The meliai closely misses you. The meliai barely misses you.
Okay, then.
Unknown command.
As you read the scroll of teleportation, it crumbles to dust.
You feel strangely unstable.
The meliai calls down the wrath of its god upon you.
Something smites you!
You die...
Your body crumbles into a pile of gold.

......................y
$
####)##......###P##...
# ### #.S..# ## #...#
....# #..# .... ##
######..####
...#P##P.P#.......
$.................
............#..##.
.......@y.........
........F.......k.
........D.........
......)...........
#..###............ ##
##...........
.............
...............
...............


You could see a seven-headed hydra, a cane toad and a meliai.

Vanquished Creatures
  Gastronok (D:9)
  A reaper (IceCv)
  A hydra (Lair:2)
  A two-headed ogre (D:8)
  2 death yaks (D:10)
  6 elephants
  3 black mambas
  An ice statue (IceCv)
  5 cane toads
  4 komodo dragons
  A freezing wraith (IceCv)
  4 ice devils (IceCv)
  A polar bear (Lair:2)
  Grinder (D:3)
  A dire elephant simulacrum (IceCv)
  A shadow (D:11)
  2 wraiths
  A wyvern (D:9)
  17 yaks
  2 death yak simulacra (IceCv)
  8 water moccasins
  2 orc warriors
  2 ice beasts
  A sky beast (D:8)
  A necrophage (D:5)
  A black bear (Lair:2)
  2 centaurs
  An ogre (D:2)
  10 wolves
  2 phantoms
  Blork the orc (D:6)
  A kobold brigand (D:10)
  6 bullfrogs
  3 two-headed ogre simulacra (IceCv)
  A scorpion (D:6)
  2 cane toad simulacra (IceCv)
  9 killer bees
  12 wights
  2 electric eels (Lair:2)
  2 howler monkeys
  4 centaur zombies
  A jelly (D:7)
  3 hounds (D:4)
  3 bullfrog skeletons
  2 orc priests
  3 gnoll shamans
  A centaur skeleton (D:6)
  Terence (D:3)
  Natasha (thrice) (D:3)
  An iguana (D:6)
  6 orc wizards
  A hell rat (D:10)
  2 polar bear simulacra (IceCv)
  2 spriggan simulacra (IceCv)
  A troll simulacrum (IceCv)
  A wolf simulacrum (IceCv)
  A howler monkey zombie (D:9)
  9 gnolls
  2 river rats (D:10)
  5 adders
  A shadow imp (D:6)
  5 white imps
  3 ufetubi
  A worm (D:3)
  2 dart slugs
  28 orcs
  7 endoplasms
  A giant cockroach (D:4)
  4 hobgoblins
  4 jackals (D:5)
  11 kobolds
  3 quokkas
  4 ball pythons
  3 bats
  4 frilled lizards
  6 goblins
  5 rats
269 creatures vanquished.

Vanquished Creatures (collateral kills)
  Eustachio (D:4)
  A water moccasin skeleton (D:5)
  Dowan (D:4)
  3 gnolls (D:3)
  An adder (D:2)
  2 orcs
  A hobgoblin (D:2)
  A ball python (D:2)
11 creatures vanquished.

Vanquished Creatures (others)
  A gnoll (D:3)
  An adder (D:4)
  A giant cockroach (D:2)
  31 fungi
  51 plants
85 creatures vanquished.

Grand Total: 365 creatures vanquished

Notes
Turn   | Place    | Note
-------+----------+-------------------------------------------
     0 | D:1      | H0rd4k the Human Artificer began the quest for the Orb.
     0 | D:1      | Reached XP level 1. HP: 15/15 MP: 1/1
   439 | D:1      | Reached XP level 2. HP: 21/21 MP: 2/2
   846 | D:2      | Noticed an ogre
   862 | D:2      | Found a faded altar of an unknown god.
   882 | D:2      | Reached XP level 3. HP: 26/26 MP: 3/3
   893 | D:2      | Found a shadowy altar of Dithmenos.
  1026 | D:2      | Killed an ogre
  1027 | D:2      | Reached XP level 4. HP: 32/32 MP: 4/4
  1332 | D:2      | Reached XP level 5. HP: 36/37 MP: 5/5
  1349 | D:2      | Reached skill level 1 in Maces & Flails
  1885 | D:3      | Noticed Natasha
  2212 | D:4      | Reached skill level 1 in Short Blades
  2340 | D:4      | Noticed Duvessa
  2340 | D:4      | Noticed Dowan
  2377 | D:4      | Killed Dowan
  2378 | D:4      | Reached XP level 6. HP: 29/44 MP: 6/6
  2388 | D:4      | Noticed Eustachio
  2422 | D:4      | Killed Eustachio
  2423 | D:4      | Reached skill level 5 in Evocations
  2455 | D:5      | Entered Level 5 of the Dungeon
  2485 | D:3      | Reached XP level 7. HP: 36/51 MP: 7/7
  4801 | D:5      | Noticed Pikel
  4814 | D:5      | Reached XP level 8. HP: 50/58 MP: 8/8
  5601 | D:5      | Reached skill level 1 in Spellcasting
  5851 | D:5      | Found a sparkling altar of Nemelex Xobeh.
  6186 | D:6      | Found Eklucwiela's Jewellery Shop.
  6274 | D:6      | Found Vyh Pury's Antique Weapon Boutique.
  6277 | D:6      | Found Qimm's Book Shoppe.
  6409 | D:6      | Reached skill level 5 in Short Blades
  6448 | D:6      | Identified the +6 spear of Qoipsymukk {distort, rCorr MP-9
                  | Dex+3}
  6735 | D:6      | Reached skill level 5 in Dodging
  6735 | D:6      | Reached XP level 9. HP: 34/65 MP: 3/12
  7147 | D:6      | Found a hide-covered altar of Uskayaw.
  7150 | D:6      | Noticed Blork the orc
  7155 | D:6      | Killed Blork the orc
  7156 | D:6      | Reached skill level 1 in Polearms
  7543 | D:7      | Reached skill level 2 in Polearms
  7697 | D:7      | Found a staircase to the Ecumenical Temple.
  7714 | Temple   | Entered the Ecumenical Temple
  7749 | Temple   | Became a worshipper of Gozag Ym Sagoz the Greedy
  8111 | D:8      | Found a burning altar of Makhleb.
  8167 | D:8      | Found a snail-covered altar of Cheibriados.
  8168 | D:8      | Found an ornate altar of the Wu Jian Council.
  8259 | D:8      | Reached skill level 5 in Fighting
  8339 | D:8      | Noticed a two-headed ogre
  8368 | D:8      | Reached skill level 3 in Polearms
  8578 | D:8      | Found a shimmering blue altar of Sif Muna.
  9117 | D:8      | Reached XP level 10. HP: 74/74 MP: 6/15
  9163 | D:8      | Reached skill level 4 in Polearms
  9207 | D:8      | Killed a two-headed ogre
  9208 | D:8      | Reached skill level 5 in Polearms
  9307 | D:9      | Noticed Erolcha
  9369 | D:9      | Reached skill level 6 in Polearms
  9392 | D:9      | Reached skill level 5 in Spellcasting
  9646 | D:9      | Noticed Gastronok
  9660 | D:9      | Killed Gastronok
  9661 | D:9      | Reached skill level 7 in Polearms
  9661 | D:9      | Reached XP level 11. HP: 81/81 MP: 8/19
 10085 | D:9      | Reached skill level 8 in Polearms
 10732 | D:3      | Killed Natasha
 10769 | D:3      | Banished Duvessa
 10969 | D:3      | Noticed Natasha
 10980 | D:3      | Killed Natasha
 11028 | D:3      | Noticed Grinder
 11035 | D:3      | Paralysed by Grinder for 4 turns
 11040 | D:3      | Killed Grinder
 11184 | D:3      | Noticed Natasha
 11191 | D:3      | Killed Natasha
 11237 | D:3      | Noticed Terence
 11244 | D:3      | Killed Terence
 11910 | D:5      | Banished Pikel
 12015 | D:10     | Entered Level 10 of the Dungeon
 12266 | D:10     | Reached skill level 9 in Polearms
 12325 | D:10     | Noticed a death yak
 12344 | D:10     | Killed a death yak
 12926 | D:10     | Noticed a death yak
 12927 | D:10     | Found a staircase to the Lair.
 12956 | D:10     | Killed a death yak
 13069 | D:10     | Noticed a death yak
 13081 | D:10     | Banished a death yak
 13818 | D:10     | Reached skill level 10 in Polearms
 14040 | D:11     | Found Suipnihi's Armour Boutique.
 14384 | D:11     | Noticed a seven-headed hydra
 14397 | D:11     | Reached XP level 12. HP: 77/91 MP: 11/22
 14473 | Lair:1   | Entered Level 1 of the Lair of Beasts
 14587 | D:10     | Bought a slimy robe for 171 gold pieces
 14587 | D:10     | Identified the +2 robe of Lust {Rampage Drain rN+++ Str-2}
                  | (You bought it in a shop on level 10 of the Dungeon)
 14587 | D:10     | Bought a pair of steaming boots for 285 gold pieces
 14587 | D:10     | Identified the +0 pair of boots of the Tomato {Fly} (You
                  | bought it in a shop on level 10 of the Dungeon)
 14941 | Lair:1   | Identified the +1 chain mail of Emafudgh {*Slow rElec rC+}
 14969 | Lair:1   | Noticed Harold
 15019 | Lair:1   | Noticed a six-headed hydra
 15482 | Lair:2   | Learned a level 1 spell: Slow
 15679 | Lair:2   | Reached skill level 1 in Hexes
 16461 | Lair:2   | Noticed a four-headed hydra
 16474 | Lair:2   | Killed a four-headed hydra
 16873 | Lair:2   | Noticed a death yak
 16881 | Lair:2   | Banished a death yak
 16883 | Lair:2   | Noticed a death yak
 16905 | Lair:2   | Noticed a death yak
 16911 | Lair:2   | Banished a death yak
 16919 | Lair:2   | Banished a death yak
 17250 | Lair:3   | Reached XP level 13. HP: 91/98 MP: 16/25
 17365 | Lair:3   | Found a staircase to the Shoals.
 17557 | Lair:3   | Reached skill level 5 in Hexes
 18707 | Lair:4   | Reached skill level 5 in Stealth
 19161 | Lair:4   | Noticed a five-headed hydra
 19207 | Lair:4   | You are sucked into a shaft and drop 2 floors!
 19207 | Lair:6   | Entered Level 6 of the Lair of Beasts
 19207 | Lair:6   | Noticed a seven-headed hydra
 19207 | Lair:6   | Noticed a four-headed hydra
 19215 | Lair:6   | HP: 1/98 [seven-headed hydra (9)]
 19253 | Lair:6   | Noticed a catoblepas
 19268 | Lair:6   | Found a staircase to the Slime Pits.
 19268 | Lair:6   | Found a viscous altar of Jiyva.
 19279 | Lair:6   | Noticed a boulder beetle
 19285 | Lair:6   | Noticed a four-headed hydra
 19298 | Lair:6   | HP: 3/98 [poisoned by a black mamba]
 19303 | Lair:6   | Noticed Sonja
 19307 | Lair:6   | HP: 3/98 [four-headed hydra (2)]
 19310 | Lair:6   | Found a frozen archway.
 19313 | IceCv    | Entered an ice cave
 21654 | IceCv    | Noticed a reaper
 22101 | IceCv    | Killed a reaper
 22510 | Lair:6   | Noticed an eight-headed hydra
 22592 | Lair:4   | Killed from afar by a meliai

Illustrated notes

Levels and vault maps discovered:
D:1:      minmay_arrival_widening_spiral_wide, layout_rooms, minivault_23,
          serial_park_tiny_2
D:2:      layout_loops_ring, basic_ecumenical_altar, basic_altar
D:3:      layout_basic, uniq_grinder, uniq_terence, uniq_natasha
D:4:      layout_loops_corners, amcnicky_mini_rare_corridor_liquid, hex_tiny,
          uniq_eustachio, uniq_duvessa
D:5:      layout_loops_ring, nemelex_spade_bored_becter, uniq_pikel
D:6:      layout_basic, eat_drink_and_be_merry_uskayaw, serial_shops,
          shop_fountains, shop, shop, uniq_blork_the_orc
D:7:      layout_rooms, minmay_temple_entry_wispy, dk_noncrumbling_3
D:8:      layout_gridville, nicolae_overflow_hidden_temple, bloody_makhleb
D:9:      layout_loops_ring, uniq_erolcha, uniq_gastronok
D:10:     layout_roguey, dpeg_lair_monsters
D:11:     layout_basic, serial_shops, nicolae_shop_statue_plus
Temple:   eino_temple_scatter_basement
Lair:1:   layout_chaotic_city, st_stairs_5, uniq_harold
Lair:2:   layout_regular_city, spider_nest_entry_funnel_web, disabler_island,
          serial_bayou_shore_a, grunt_megastairs_3
Lair:3:   layout_layer_cave, shoals_dummy_entry
Lair:4:   regret_index_wax_grids, layout_long_grid, uniq_kirke
Lair:5:   layout_big_grid, evilmike_ambush [evilmike_ambush_outer_basic,
          evilmike_ambush_inner_basic], grunt_megastairs_5
Lair:6:   evilmike_catoblepas_cave, layout_misc_corridors, slime_altar_1,
          portal_ice_cave_entry_imps, serial_bayou_pond_b, dpeg_oklob_1,
          uniq_sonja

Skill      XL: |  1  2  3  4  5  6  7  8  9 10 11 12 13 |
---------------+----------------------------------------+-----
Evocations     | 4 5 6 |  6.4
Maces & Flails | 1 |  1.4
Short Blades   | 1 2 3 5 6 |  6.7
Dodging        | 2 3 4 5 6 7 |  7.3
Fighting       | 2 3 4 5 6 7 |  7.9
Spellcasting   | 2 3 5 6 8 9 |  9.7
Polearms       | 3 7 10 | 10.5
Hexes          | 4 7 |  7.2
Stealth        | 4 7 |  7.2
Armour         | |  2.1

Action                   |  1- 3 |  4- 6 |  7- 9 | 10-12 | 13-15 || total
-------------------------+-------+-------+-------+-------+-------++-------
Melee: Club              |    18 |       |       |       |       ||    18
       Punch             |     2 |     1 |    12 |    14 |     6 ||    35
       Dagger            |    34 |    96 |   471 |       |       ||   601
       Spear             |       |       |   140 |   526 |   313 ||   979
Invok: Call Merchant     |       |       |       |     1 |       ||     1
Evoke: Wand              |     8 |     9 |    13 |    10 |     7 ||    47
       Piece from Xom's  |       |       |     3 |       |       ||     3
  Use: Scroll            |       |       |     5 |     7 |     9 ||    21
       Potion            |       |       |       |     1 |    10 ||    11
 Stab: Sleeping          |       |       |     3 |     6 |     3 ||    12
       Distracted        |       |       |     1 |     2 |     2 ||     5
Armor: Leather armour    |    19 |    47 |   173 |    57 |       ||   296
       Robe              |       |       |       |    26 |    38 ||    64
Dodge: Dodged            |    42 |    46 |   268 |   165 |   127 ||   648
       Repelled          |       |       |       |     3 |     4 ||     7
